| TOP OF THE 1ST |
|
Chicago (NYP) White Sox batting - Pitching for Hudson Valley Renegades : RHP Gerardo Fernandez
|
|
Pitching: RHP Gerardo Fernandez
|
|
|
Batting: SHB Tomas Caldera
|
0-0: Called Strike 0-1: Called Strike 0-2: Ground out 4-3 (Groundball, 4, EV 88.1 MPH)
|
|
Batting: RHB Bastiaan Leenders
|
0-0: Called Strike 0-1: Ball 1-1: Ground out 4-3 (Groundball, 4, EV 99.4 MPH)
|
|
Batting: SHB Veit Geisler
|
0-0: Ball 1-0: Ball 2-0: Ball 3-0: Ground out 4-3 (Groundball, 4S, EV 79.4 MPH)
|
| Top of the 1st over - 0 runs, 0 hits, 0 errors, 0 left on base; Chicago (NYP) 0 - Hudson Valley 0 |
| BOTTOM OF THE 1ST |
|
Hudson Valley Renegades batting - Pitching for Chicago (NYP) White Sox : LHP Amari Miller
|
|
Pitching: LHP Amari Miller
|
|
|
Batting: LHB Jonathan Spino
|
0-0: Ball 1-0: Called Strike 1-1: Foul Ball, location: 2F 1-2: Strikes out looking
|
|
Batting: SHB Josif Popovski
|
0-0: Ball 1-0: Foul Ball, location: 2F 1-1: Called Strike 1-2: SINGLE (Line Drive, 6M, EV 96.9 MPH)
|
|
Batting: SHB Joshua Jackson
|
0-0: Called Strike 0-1: Foul Ball, location: 2F 0-2: Ball Josif Popovski steals 2nd base (no throw) 1-2: Ground out 3-1 (Groundball, 34, EV 105.6 MPH) Josif Popovski to third
|
|
Batting: RHB Joe Hartigan
|
0-0: Fly out, F8 (Flyball, 8LD, EV 91.2 MPH)
|
| Bottom of the 1st over - 0 runs, 1 hit, 0 errors, 1 left on base; Chicago (NYP) 0 - Hudson Valley 0 |
| TOP OF THE 2ND |
|
Chicago (NYP) White Sox batting - Pitching for Hudson Valley Renegades : RHP Gerardo Fernandez
|
|
Batting: RHB Tony Garcia
|
0-0: Called Strike 0-1: Reached on error, E1 (Groundball, 13S, EV 68.8 MPH)
|
|
Batting: SHB Andres Agudo
|
0-0: Ball 1-0: Called Strike 1-1: TRIPLE (Line Drive, 89XD, EV 100.6 MPH) Tony Garcia scores
|
|
Batting: RHB Yorkis Saiki
|
0-0: Called Strike 0-1: Ball 1-1: Called Strike 1-2: SINGLE (Flyball, 9LS, EV 98.8 MPH) Andres Agudo scores
|
|
Batting: RHB Jake Feinstein
|
0-0: Ball 1-0: DOUBLE (Line Drive, 89D, EV 105.0 MPH) Yorkis Saiki to third
|
|
Batting: SHB Manny Berrones
|
0-0: Fly out, F3 (Line Drive, 34, EV 70.0 MPH)
|
|
Pitching: RHP Virgil Laverick
|
|
|
Batting: RHB Kunimatsu Oya
|
0-0: Called Strike 0-1: Ball 1-1: Called Strike 1-2: SINGLE (Groundball, 5S, EV 74.4 MPH) (infield hit) Yorkis Saiki scores Jake Feinstein to third
|
|
Batting: SHB Tomas Caldera
|
Pickoff Throw to First - Error! E1 Jake Feinstein scores Kunimatsu Oya to second 0-0: Ball 1-0: Called Strike 1-1: Ground out 5-3 (Groundball, 56D, EV 91.2 MPH)
|
|
Batting: RHB Bastiaan Leenders
|
0-0: Called Strike 0-1: Ball 1-1: Foul Ball, location: 2F 1-2: Foul Ball, location: 2F 1-2: Foul Ball, location: 2F 1-2: Ball 2-2: Reached on error, E4 (Groundball, 4, EV 90.0 MPH) Kunimatsu Oya scores
|
|
Batting: SHB Veit Geisler
|
0-0: Ball 1-0: Swinging Strike 1-1: Swinging Strike 1-2: Foul Ball, location: 2F 1-2: Ball 2-2: Ball 3-2: Fly out, F5 (Popup, 5SF, EV 81.2 MPH)
|
| Top of the 2nd over - 5 runs, 4 hits, 3 errors, 1 left on base; Chicago (NYP) 5 - Hudson Valley 0 |
| BOTTOM OF THE 2ND |
|
Hudson Valley Renegades batting - Pitching for Chicago (NYP) White Sox : LHP Amari Miller
|
|
Batting: RHB Jon Gonzales
|
0-0: Called Strike 0-1: Foul Ball, location: 2F 0-2: Foul Ball, location: 2F 0-2: Ball 1-2: Ground out 4-3 (Groundball, 4, EV 90.6 MPH)
|
|
Batting: RHB Alex Koral
|
0-0: Called Strike 0-1: Foul Ball, location: 2F 0-2: Foul Ball, location: 2F 0-2: Ground out 5-3 (Groundball, 25, EV 85.6 MPH)
|
|
Batting: SHB Chris Lockart
|
0-0: Called Strike 0-1: Ball 1-1: Ball 2-1: SINGLE (Groundball, 6MD, EV 108.1 MPH)
|
|
Batting: RHB Evan Chalarian
|
0-0: Swinging Strike 0-1: Ball 1-1: Fly out, F4 (Line Drive, 4, EV 67.5 MPH)
|
| Bottom of the 2nd over - 0 runs, 1 hit, 0 errors, 1 left on base; Chicago (NYP) 5 - Hudson Valley 0 |
| TOP OF THE 3RD |
|
Chicago (NYP) White Sox batting - Pitching for Hudson Valley Renegades : RHP Virgil Laverick
|
|
Batting: RHB Tony Garcia
|
0-0: Foul Ball, location: 2F 0-1: Ball 1-1: Foul Ball, location: 2F 1-2: Ball 2-2: Foul Ball, location: 2F 2-2: Foul Ball, location: 2F 2-2: Foul Ball, location: 2F 2-2: Foul Ball, location: 2F 2-2: Fly out, F8 (Flyball, 89D, EV 110.6 MPH)
|
|
Batting: SHB Andres Agudo
|
0-0: Ball 1-0: Ball 2-0: Called Strike 2-1: Ball 3-1: Base on Balls
|
|
Batting: RHB Yorkis Saiki
|
0-0: Called Strike 0-1: Ball 1-1: Grounds into double play, 3-6-3 (Groundball, 3, EV 97.5 MPH)
|
| Top of the 3rd over - 0 runs, 0 hits, 0 errors, 0 left on base; Chicago (NYP) 5 - Hudson Valley 0 |
| BOTTOM OF THE 3RD |
|
Hudson Valley Renegades batting - Pitching for Chicago (NYP) White Sox : LHP Amari Miller
|
|
Batting: LHB Helmut Steggall
|
0-0: Called Strike 0-1: Foul Ball, location: 2F 0-2: Ball 1-2: Foul Ball, location: 2F 1-2: Ball 2-2: SINGLE (Line Drive, 56D, EV 98.8 MPH)
|
|
Batting: LHB Jonathan Spino
|
0-0: Ball Helmut Steggall is caught stealing 2nd base 2-6 1-0: Called Strike 1-1: Swinging Strike 1-2: Foul Ball, location: 2F 1-2: Strikes out swinging
|
|
Batting: SHB Josif Popovski
|
0-0: Ball 1-0: Fly out, F9 (Flyball, 89D, EV 100.6 MPH)
|
| Bottom of the 3rd over - 0 runs, 1 hit, 0 errors, 0 left on base; Chicago (NYP) 5 - Hudson Valley 0 |
| TOP OF THE 4TH |
|
Chicago (NYP) White Sox batting - Pitching for Hudson Valley Renegades : RHP Virgil Laverick
|
|
Batting: RHB Jake Feinstein
|
0-0: Ball 1-0: Called Strike 1-1: Ball 2-1: Fly out, F8 (Flyball, 8RXD, EV 88.8 MPH)
|
|
Batting: SHB Manny Berrones
|
0-0: Called Strike 0-1: Ball 1-1: Ball 2-1: Ball 3-1: Foul Ball, location: 2F 3-2: Strikes out swinging
|
|
Batting: RHB Kunimatsu Oya
|
0-0: Ground out 4-3 (Groundball, 4, EV 81.2 MPH)
|
| Top of the 4th over - 0 runs, 0 hits, 0 errors, 0 left on base; Chicago (NYP) 5 - Hudson Valley 0 |
| BOTTOM OF THE 4TH |
|
Hudson Valley Renegades batting - Pitching for Chicago (NYP) White Sox : LHP Amari Miller
|
|
Batting: SHB Joshua Jackson
|
0-0: Fly out, F9 (Flyball, 9D, EV 99.4 MPH)
|
|
Batting: RHB Joe Hartigan
|
0-0: Called Strike 0-1: SINGLE (Groundball, 6MD, EV 100.0 MPH)
|
|
Batting: RHB Jon Gonzales
|
0-0: Swinging Strike 0-1: Foul Ball, location: 2F 0-2: Fly out, F8 (Flyball, 8LXD, EV 98.8 MPH)
|
|
Batting: RHB Alex Koral
|
0-0: Ball 1-0: Ball 2-0: Called Strike 2-1: Foul Ball, location: 2F 2-2: Strikes out looking
|
| Bottom of the 4th over - 0 runs, 1 hit, 0 errors, 1 left on base; Chicago (NYP) 5 - Hudson Valley 0 |
| TOP OF THE 5TH |
|
Chicago (NYP) White Sox batting - Pitching for Hudson Valley Renegades : RHP Virgil Laverick
|
|
Batting: SHB Tomas Caldera
|
0-0: Foul Ball, location: 2F 0-1: Called Strike 0-2: Ground out 4-3 (Groundball, 4MD, EV 101.9 MPH)
|
|
Batting: RHB Bastiaan Leenders
|
0-0: Called Strike 0-1: Swinging Strike 0-2: Ball 1-2: Ball 2-2: Ball 3-2: Strikes out swinging, 2-3 out at first.
|
|
Batting: SHB Veit Geisler
|
0-0: Called Strike 0-1: Swinging Strike 0-2: Strikes out swinging
|
| Top of the 5th over - 0 runs, 0 hits, 0 errors, 0 left on base; Chicago (NYP) 5 - Hudson Valley 0 |
| BOTTOM OF THE 5TH |
|
Hudson Valley Renegades batting - Pitching for Chicago (NYP) White Sox : LHP Amari Miller
|
|
Batting: SHB Chris Lockart
|
0-0: Called Strike 0-1: Ball 1-1: Foul Ball, location: 2F 1-2: Ball 2-2: Foul Ball, location: 2F 2-2: Fly out, F2 (Popup, 3SF, EV 73.1 MPH)
|
|
Batting: RHB Evan Chalarian
|
0-0: Ball 1-0: Ball 2-0: Ball 3-0: Base on Balls
|
|
Batting: LHB Helmut Steggall
|
0-0: Ball 1-0: Called Strike Evan Chalarian steals 2nd base 1-1: Ball 2-1: Ball 3-1: Ground out U3 (Groundball, 3, EV 91.9 MPH) Evan Chalarian to third
|
|
Batting: LHB Jonathan Spino
|
0-0: Ball 1-0: Ball 2-0: Called Strike 2-1: Foul Ball, location: 2F 2-2: Ball 3-2: Base on Balls
|
|
Batting: SHB Josif Popovski
|
0-0: Ball 1-0: Ground out 4-3 (Groundball, 34S, EV 85.6 MPH)
|
| Bottom of the 5th over - 0 runs, 0 hits, 0 errors, 2 left on base; Chicago (NYP) 5 - Hudson Valley 0 |
| TOP OF THE 6TH |
|
Chicago (NYP) White Sox batting - Pitching for Hudson Valley Renegades : RHP Virgil Laverick
|
|
Pitching: LHP John Schmidt
|
|
|
Batting: RHB Tony Garcia
|
0-0: Foul Ball, location: 2F 0-1: Ball 1-1: Ball 2-1: Foul Ball, location: 2F 2-2: Foul Ball, location: 2F 2-2: Foul Ball, location: 2F 2-2: Foul Ball, location: 2F 2-2: Foul Ball, location: 2F 2-2: Ball 3-2: Base on Balls
|
|
Batting: SHB Andres Agudo
|
0-0: Swinging Strike 0-1: Swinging Strike 0-2: Ball 1-2: Foul Ball, location: 2F 1-2: Ball 2-2: Strikes out swinging
|
|
Batting: RHB Yorkis Saiki
|
0-0: Ball 1-0: Ball 2-0: Foul Ball, location: 2F 2-1: Foul Ball, location: 2F 2-2: Ball 3-2: Grounds out, U3 (Groundball, 3L, EV 96.9 MPH)
|
|
Batting: RHB Jake Feinstein
|
0-0: Ball 1-0: Called Strike 1-1: Foul Ball, location: 2F 1-2: Ball 2-2: Ball 3-2: Ground out 6-3 (Groundball, 6, EV 85.0 MPH)
|
| Top of the 6th over - 0 runs, 0 hits, 0 errors, 1 left on base; Chicago (NYP) 5 - Hudson Valley 0 |
| BOTTOM OF THE 6TH |
|
Hudson Valley Renegades batting - Pitching for Chicago (NYP) White Sox : LHP Amari Miller
|
|
Batting: SHB Joshua Jackson
|
0-0: Called Strike 0-1: Foul Ball, location: 2F 0-2: Strikes out looking
|
|
Batting: RHB Joe Hartigan
|
0-0: Ball 1-0: Ground out 4-3 (Groundball, 4, EV 88.8 MPH)
|
|
Batting: RHB Jon Gonzales
|
0-0: Ball 1-0: Called Strike 1-1: Ball 2-1: Foul Ball, location: 2F 2-2: Strikes out swinging
|
| Bottom of the 6th over - 0 runs, 0 hits, 0 errors, 0 left on base; Chicago (NYP) 5 - Hudson Valley 0 |
| TOP OF THE 7TH |
|
Chicago (NYP) White Sox batting - Pitching for Hudson Valley Renegades : LHP John Schmidt
|
|
Batting: SHB Manny Berrones
|
0-0: Swinging Strike 0-1: Ball 1-1: Swinging Strike 1-2: Ball 2-2: Ball 3-2: Base on Balls
|
|
Batting: RHB Kunimatsu Oya
|
0-0: Foul Ball, location: 2F 0-1: Called Strike 0-2: Foul Ball, location: 2F 0-2: SINGLE (Groundball, 34D, EV 96.2 MPH) Manny Berrones to second Runner from 2nd tries for 3rd, SAFE, throw by RF made to third
|
|
Pitching: RHP Alex Aguilar
|
|
|
Batting: SHB Tomas Caldera
|
0-0: Ball 1-0: Foul Ball, location: 2F 1-1: Fielders Choice at 2nd, 6-4 (Groundball, 6, EV 109.4 MPH) Manny Berrones scores
|
|
Batting: RHB Bastiaan Leenders
|
0-0: Fly out, F7 (Flyball, 78M, EV 83.8 MPH)
|
|
Batting: SHB Veit Geisler
|
0-0: Called Strike 0-1: Ball Tomas Caldera steals 2nd base 1-1: Swinging Strike 1-2: Foul Ball, location: 2F 1-2: Ball 2-2: Strikes out swinging
|
| Top of the 7th over - 1 run, 1 hit, 0 errors, 1 left on base; Chicago (NYP) 6 - Hudson Valley 0 |
| BOTTOM OF THE 7TH |
|
Hudson Valley Renegades batting - Pitching for Chicago (NYP) White Sox : LHP Amari Miller
|
|
Pitching: RHP Danny Levinger
|
|
|
Batting: RHB Alex Koral
|
0-0: Ball 1-0: Ball 2-0: DOUBLE (Flyball, 8LD, EV 93.8 MPH)
|
|
Batting: SHB Chris Lockart
|
0-0: Swinging Strike 0-1: Foul Ball, location: 2F 0-2: Ball 1-2: Ball Passed Ball! Alex Koral to third 2-2: Strikes out swinging
|
|
Batting: RHB Evan Chalarian
|
0-0: Called Strike 0-1: Called Strike 0-2: Foul Ball, location: 2F 0-2: Strikes out swinging
|
|
Batting: LHB Helmut Steggall
|
0-0: Ball 1-0: Ball 2-0: Swinging Strike 2-1: Ground out 4-3 (Groundball, 34, EV 81.9 MPH)
|
| Bottom of the 7th over - 0 runs, 1 hit, 0 errors, 1 left on base; Chicago (NYP) 6 - Hudson Valley 0 |
| TOP OF THE 8TH |
|
Chicago (NYP) White Sox batting - Pitching for Hudson Valley Renegades : RHP Alex Aguilar
|
|
Batting: RHB Tony Garcia
|
0-0: Called Strike 0-1: Ball 1-1: Called Strike 1-2: Foul Ball, location: 2F 1-2: Foul Ball, location: 2F 1-2: Ball 2-2: Strikes out swinging
|
|
Batting: SHB Andres Agudo
|
0-0: Ball 1-0: Foul Ball, location: 2F 1-1: Ball 2-1: Ground out 4-3 (Groundball, 4, EV 79.4 MPH)
|
|
Batting: RHB Yorkis Saiki
|
0-0: Swinging Strike 0-1: Foul Ball, location: 2F 0-2: Ball 1-2: Strikes out swinging
|
| Top of the 8th over - 0 runs, 0 hits, 0 errors, 0 left on base; Chicago (NYP) 6 - Hudson Valley 0 |
| BOTTOM OF THE 8TH |
|
Hudson Valley Renegades batting - Pitching for Chicago (NYP) White Sox : RHP Danny Levinger
|
|
Batting: LHB Jonathan Spino
|
0-0: Called Strike 0-1: Foul Ball, location: 2F 0-2: Ground out 4-3 (Groundball, 4, EV 78.8 MPH)
|
|
Batting: SHB Josif Popovski
|
0-0: Ball 1-0: Foul Ball, location: 2F 1-1: Ball 2-1: Foul Ball, location: 2F 2-2: Ball 3-2: Foul Ball, location: 2F 3-2: Ground out 4-3 (Groundball, 4, EV 96.2 MPH)
|
|
Batting: SHB Joshua Jackson
|
0-0: Ball 1-0: Ground out 3-1 (Groundball, 34, EV 83.1 MPH)
|
| Bottom of the 8th over - 0 runs, 0 hits, 0 errors, 0 left on base; Chicago (NYP) 6 - Hudson Valley 0 |
| TOP OF THE 9TH |
|
Chicago (NYP) White Sox batting - Pitching for Hudson Valley Renegades : RHP Alex Aguilar
|
|
Batting: RHB Jake Feinstein
|
0-0: Foul Ball, location: 2F 0-1: Foul Ball, location: 2F 0-2: Ball 1-2: DOUBLE (Groundball, 5L, EV 100.0 MPH)
|
|
Batting: SHB Manny Berrones
|
0-0: Ball 1-0: Foul Ball, location: 2F 1-1: Swinging Strike 1-2: Fly out, F7 (Flyball, 7LM, EV 83.8 MPH)
|
|
Batting: RHB Kunimatsu Oya
|
0-0: Foul Ball, location: 2F 0-1: Ground out 6-3 (Groundball, 6MS, EV 85.0 MPH) Jake Feinstein to third
|
|
Batting: SHB Tomas Caldera
|
0-0: Called Strike 0-1: Foul Ball, location: 2F 0-2: Ball Wild Pitch! Jake Feinstein scores 1-2: Strikes out swinging
|
| Top of the 9th over - 1 run, 1 hit, 0 errors, 0 left on base; Chicago (NYP) 7 - Hudson Valley 0 |
| BOTTOM OF THE 9TH |
|
Hudson Valley Renegades batting - Pitching for Chicago (NYP) White Sox : RHP Danny Levinger
|
|
Batting: RHB Joe Hartigan
|
0-0: Foul Ball, location: 2F 0-1: Ground out 6-3 (Groundball, 6, EV 85.6 MPH)
|
|
Batting: RHB Jon Gonzales
|
0-0: TRIPLE (Line Drive, 89XD, EV 111.9 MPH)
|
|
Batting: RHB Alex Koral
|
0-0: SINGLE (Groundball, 6MD, EV 102.5 MPH) Jon Gonzales scores
|
|
Batting: SHB Chris Lockart
|
0-0: Foul Ball, location: 2F 0-1: Foul Ball, location: 2F 0-2: Ball 1-2: Fly out, F7 (Line Drive, 7, EV 93.1 MPH)
|
|
Pinch Hitting: LHB Rocky Crowley
|
0-0: Called Strike 0-1: Ball 1-1: Ball 2-1: Swinging Strike 2-2: Fly out, F7 (Flyball, 7D, EV 106.2 MPH)
|
| Bottom of the 9th over - 1 run, 2 hits, 0 errors, 1 left on base; Chicago (NYP) 7 - Hudson Valley 1 |
|